 Dungeon Crawl Stone Soup version 0.31.0-9-g3a7656b989 (webtiles) character file.

Game seed: 13825906691816654823

367 qw the Skirmisher (level 6, -1/35 HPs)
             Began as a Deep Elf Hunter on Feb 2, 2024.
             Slain by a black bear (11 damage)
             ... on level 4 of the Dungeon.
             The game lasted 00:00:42 (2919 turns).

qw the Skirmisher (Deep Elf Hunter)                 Turns: 2919, Time: 00:00:43

Health: -1/35      AC:  8    Str: 10    XL:     6   Next: 41%
Magic:  8/8        EV: 11    Int: 14    God:
Gold:   110        SH:  0    Dex: 18    Spells: 5/5 levels left

rFire   . . .        a - +0 shortbow
rCold   . . .        (shield currently unavailable)
rNeg    . . .        l - +0 ring mail
rPois   .            j - +0 helmet
rElec   .            (no cloak)
rCorr   .            d - +1 pair of gloves
SInv    .            (no boots)
Will    .....        (no amulet)
Stlth   +            h - +4 ring of slaying {mikee}
HPRegen 0.25/turn    (no ring)
MPRegen 0.11/turn

%: no passive effects
@: no status effects
A: no striking features
a: no special abilities


You were on level 4 of the Dungeon.
You visited 1 branch of the dungeon, and saw 4 of its levels.

You collected 110 gold pieces.


   Skills:
 - Level 2.0 Fighting
 - Level 9.8 Ranged Weapons
 + Level 0.0 Armour
 - Level 3.0 Dodging
 - Level 1.2 Stealth


You had 5 spell levels left.
You didn't know any spells.
Your spell library was empty.

Inventory:

Hand Weapons
 a - a +0 shortbow (weapon)
Armour
 d - a +1 pair of gloves (worn)
 j - a +0 helmet (worn)
 l - a +0 ring mail (worn)
Jewellery
 h - a +4 ring of slaying (left hand) {mikee}
Wands
 i - a wand of iceblast (10)
Potions
 b - a potion of might
 g - a potion of attraction {unknown}
 k - a potion of curing

Dungeon Overview and Level Annotations

Branches:
Dungeon (4/15)
 Temple: D:4-7

Altars:

Shops:
D:1 =??(

Annotations:
D:2 1 runed translucent door, Crazy Yiuf


Message History

Waypoint 3 assigned to D:4.
You shoot an arrow. The arrow hits the endoplasm!
You kill the endoplasm!
You hear an angry growl.
A black bear comes into view.
You shoot an arrow. The arrow hits the black bear.
The black bear is lightly wounded.
You shoot an arrow. The arrow hits the black bear!
The black bear is heavily wounded.
The black bear bites you but does no damage.
The black bear claws you. The black bear closely misses you.
You shoot an arrow.
The arrow hits the black bear but does no damage.
The black bear is heavily wounded.
The black bear closely misses you. x2
The black bear claws you but does no damage.
You shoot an arrow. The arrow hits the black bear.
The black bear is heavily wounded.
The black bear barely misses you. x2; The black bear closely misses you.
You shoot an arrow. The arrow hits the black bear.
The black bear is heavily wounded.
The black bear bites you but does no damage.
The black bear claws you but does no damage. x2
You shoot an arrow. The arrow hits the black bear!
The black bear is severely wounded.
The black bear goes berserk!
You shoot an arrow. The arrow barely misses the black bear.
The black bear bites you. The black bear claws you.
The black bear claws you but does no damage.
The black bear closely misses you. x3
You shoot an arrow. The arrow hits the black bear!
The black bear is almost dead.
The black bear bites you!
The black bear claws you but does no damage.
The black bear claws you.
You shoot an arrow.
The arrow closely misses the black bear.
The black bear bites you. The black bear claws you.
The black bear claws you but does no damage.
The black bear bites you!
You die...

##.....##.#
.........#
.##.....##.#
...........
..#.....##.##
............
#.......##h# #
...#.##<##@#.##.#.
..................
#..####...........
#.##.#.##.#.
#.##.#... ..
...........
##.....##....
#.....# ####
#.##.##


You could see a black bear (berserk).

Vanquished Creatures
  Grinder (D:2)
  Terence (D:3)
  Robin (D:3)
  3 adders
  4 ribbon worms (D:2)
  5 orcs
  6 endoplasms
  4 giant cockroaches
  18 goblins
  5 hobgoblins
  7 jackals
  5 quokkas
  8 ball pythons
  7 bats
  2 frilled lizards (D:1)
  3 kobolds
  6 rats
86 creatures vanquished.

Notes
Turn   | Place    | Note
-------+----------+-------------------------------------------
     0 | D:1      | qw the Deep Elf Hunter began the quest for the Orb.
     0 | D:1      | Reached XP level 1. HP: 12/12 MP: 3/3
     0 | D:1      | 0 ||| qw: Version: 0.3-a-155-g5e7d8dd
     0 | D:1      | 0 ||| qw: Game counter: 2833
     0 | D:1      | 0 ||| qw: Melee chars always use a shield: true
     0 | D:1      | 0 ||| qw: God list: Okawaru
     0 | D:1      | 0 ||| qw: Allow faded altars: false
     0 | D:1      | 0 ||| qw: Do Orc after clearing Dungeon:15 true
     0 | D:1      | 0 ||| qw: Do second Lair branch before Depths: true
     0 | D:1      | 0 ||| qw: Lair rune preference: random
     0 | D:1      | 0 ||| qw: Goals: Normal
     0 | D:1      | 0 ||| PLANNING D:1-11
    79 | D:1      | Found Vareof's Magic Scroll Shoppe.
    85 | D:1      | 85 ||| SHOPLISTING scroll of brand weapon (104 gold, have
                  | 15).
    85 | D:1      | 85 ||| SHOPLISTING scroll of identify (22 gold, have 15).
   239 | D:1      | Reached skill level 6 in Ranged Weapons
   239 | D:1      | Reached XP level 2. HP: 5/16 MP: 4/4
   320 | D:1      | Found Moxoomm's Magic Scroll Emporium.
   325 | D:1      | 325 ||| SHOPLISTING scroll of enchant weapon (82 gold, have
                  | 15).
   325 | D:1      | 325 ||| SHOPLISTING scroll of identify (22 gold, have 15).
   480 | D:1      | Found Lisk's Weapon Shoppe.
   644 | D:1      | Found Naokeq Baynu's Jewellery Shoppe.
   649 | D:1      | 649 ||| SHOPLISTING amulet of guardian spirit (300 gold,
                  | have 48).
   649 | D:1      | 649 ||| SHOPLISTING ring of poison resistance (200 gold,
                  | have 48).
   649 | D:1      | 649 ||| SHOPLISTING ring of positive energy (200 gold, have
                  | 48).
   777 | D:1      | 777 ||| UPGRADING to +1 pair of gloves.
   782 | D:1      | 782 ||| READING scroll labelled FUTHRI IHOSHA.
   783 | D:1      | 783 ||| READING 3 scrolls labelled GYOSHR CILAZXA.
   784 | D:1      | 784 ||| DRINKING 2 puce potions.
   785 | D:1      | 785 ||| DROPPING scroll of butterflies.
   786 | D:1      | 786 ||| DROPPING potion of degeneration.
   787 | D:1      | 787 ||| DROPPING 2 scrolls of blinking.
   819 | D:2      | Reached XP level 3. HP: 20/20 MP: 5/5
   859 | D:2      | 859 ||| FLEEEEING.
   860 | D:2      | 860 ||| FLEEEEING.
   862 | D:2      | 862 ||| FLEEEEING.
   863 | D:2      | 863 ||| FLEEEEING.
   864 | D:2      | 864 ||| FLEEEEING.
   865 | D:2      | 865 ||| FLEEEEING.
   866 | D:2      | 866 ||| FLEEEEING.
   867 | D:2      | 867 ||| FLEEEEING.
   868 | D:2      | 868 ||| FLEEEEING.
   869 | D:2      | 869 ||| FLEEEEING.
   870 | D:2      | 870 ||| FLEEEEING.
   919 | D:2      | Reached skill level 7 in Ranged Weapons
  1009 | D:2      | 1009 ||| DROPPING +0 sling of flaming.
  1056 | D:2      | Found a faded altar of an unknown god.
  1361 | D:2      | Reached XP level 4. HP: 22/25 MP: 6/6
  1401 | D:2      | Found a runed translucent door.
  1402 | D:2      | Noticed Crazy Yiuf
  1959 | D:2      | 1959 ||| UPGRADING to +4 ring of slaying {mikee}.
  1960 | D:2      | 1960 ||| DROPPING ring of magical power.
  1961 | D:2      | 1961 ||| READING scroll labelled TAYMAM TYSAF.
  1961 | D:2      | 1961 ||| IDENTIFYING smoky red potion
  1962 | D:2      | 1962 ||| READING scroll labelled BOSKA PUR TISK.
  1963 | D:2      | 1963 ||| READING scroll labelled MUCKEM XIANO.
  1965 | D:2      | 1965 ||| Stepping ~*~*~tactically~*~*~ (cloud).
  1966 | D:2      | 1966 ||| DRINKING potion of curing.
  1966 | D:2      | 1966 ||| (to cure poison)
  2210 | D:3      | Noticed Grinder
  2211 | D:3      | 2211 ||| STAIRDANCE
  2215 | D:3      | 2215 ||| STAIRDANCE
  2258 | D:3      | 2258 ||| STAIRDANCE
  2293 | D:3      | 2293 ||| STAIRDANCE
  2363 | D:3      | Paralysed by Grinder for 5 turns
  2369 | D:3      | 2369 ||| STAIRDANCE
  2405 | D:3      | 2405 ||| STAIRDANCE
  2410 | D:2      | Paralysed by Grinder for 5 turns
  2412 | D:2      | HP: 5/25 [Grinder/nerve-wracking pain (2)]
  2415 | D:2      | Killed Grinder
  2416 | D:2      | Reached skill level 9 in Ranged Weapons
  2416 | D:2      | Reached XP level 5. HP: 7/29 MP: 7/7
  2416 | D:2      | Reached XP level 6. HP: 8/34 MP: 8/8
  2558 | D:3      | Noticed Terence
  2566 | D:3      | Killed Terence
  2567 | D:3      | Reached skill level 3 in Dodging
  2717 | D:3      | Noticed Robin
  2724 | D:3      | Killed Robin
  2863 | D:3      | 2863 ||| UPGRADING to +0 scale mail.
  2873 | D:3      | 2873 ||| DROPPING +0 leather armour.
  2874 | D:3      | 2874 ||| UPGRADING to +0 helmet.
  2879 | D:3      | 2879 ||| UPGRADING to +0 ring mail.
  2889 | D:3      | 2889 ||| DROPPING +0 scale mail.
  2890 | D:3      | 2890 ||| READING scroll of identify.
  2890 | D:3      | 2890 ||| IDENTIFYING bubbling ruby potion
  2919 | D:4      | Slain by a black bear

Levels and vault maps discovered:
D:1:      shiori_arrival_elements, layout_basic, serial_shops,
          nicolae_shop_hallway_plus, nicolae_shop_rolling_square,
          nicolae_shop_rolling_square, shop
D:2:      layout_loops_corners, ebering_ecumenical_altar_rust,
          guppyfry_early_orc_mine, uniq_crazy_yiuf_cottage
D:3:      layout_rooms, uniq_robin, uniq_terence, uniq_grinder
D:4:      minmay_general_purpose_star, layout_basic,
          nicolae_sif_muna_condensation,
          nicolae_hepliaklqana_ecumenical_no_more, lemuel_round_altar,
          minmay_cut_off

Skill      XL: |  1  2  3  4  5  6 |
---------------+-------------------+-----
Ranged Weapons | 6 7 9 |  9.8
Dodging        | 3 |  3.0
Fighting       | 2 |  2.0
Stealth        | |  1.2

Action                     |  1- 3 |  4- 6 || total
---------------------------+-------+-------++-------
   Fire: Shortbow          |   147 |   117 ||   264
    Use: Scroll            |     2 |     4 ||     6
         Potion            |     1 |     1 ||     2
 Armour: Leather armour    |    28 |    27 ||    55
         Ring mail         |       |    16 ||    16
  Dodge: Dodged            |    46 |    33 ||    79

Table legend:
 A = Non-vault XP
 B = Vault XP
 C = Vault XP percentage of total XP
 D = Non-vault monster count
 E = Vault monster count
 F = Vault count percentage of total count
                 A         B        C        D         E       F
            +---------+---------+-------+---------+---------+-------
      Total |     158 |     367 |  69.9 |      66 |      20 |  23.3
            +---------+---------+-------+---------+---------+-------
        D:1 |      35 |       0 |   0.0 |      22 |       0 |   0.0
        D:2 |      75 |     297 |  79.8 |      23 |       8 |  25.8
        D:3 |      46 |      70 |  60.3 |      20 |      12 |  37.5
        D:4 |       2 |       0 |   0.0 |       1 |       0 |   0.0
            +---------+---------+-------+---------+---------+-------
